[Event "19th Raciborz Open 2019"]
[Site "Raciborz"]
[Date "2019.02.10"]
[Round "4.9"]
[White "Polczyk, Mikolaj"]
[Black "Trybus, Daniel"]
[Result "1-0"]
[ECO "E73"]
[WhiteElo "2052"]
[BlackElo "1916"]
[Annotator "NA RC"]
[PlyCount "127"]
[EventDate "2019.02.09"]
[EventType "swiss"]
[EventCountry "POL"]
[SourceTitle "playchess.com"]
[Source "ChessBase"]
[SourceQuality "1"]
[TimeControl "5400+30"]

1. d4 Nf6 2. c4 g6 3. Nc3 Bg7 4. e4 d6 5. Be2 O-O 6. Be3 e5 7. d5 Nbd7 8. g4 Nc5 9. f3 c6 10. h4 cxd5 11. cxd5 Bd7 12. h5 Rc8 13. Qd2 Qa5 14. h6 Bh8 15. Nb5 Qa4 16. Nc3 Qa5 17. Rb1 Na6 18. a3 Nc7 19. Na2 Qxd2+ 20. Kxd2 Nb5 21. Bxb5 Bxb5 22. Bxa7 Nd7 23. Nc3 Bc4 24. b3 Ba6 25. Be3 Bf6 26. Nge2 Rc7 27. Rhc1 Rfc8 28. Na4 Rxc1 29. Rxc1 Rxc1 30. Nxc1 Bd8 31. Nd3 f6 32. b4 b5 33. Nc3 Nb6 34. Nb2 Kf7 35. a4 bxa4 36. b5 Bc8 37. Bxb6 Bxb6 38. Ncxa4 Ba5+ 39. Kd3 Ke7 40. Kc4 Bd2 41. Kd3 Bxh6 42. Nc4 Bd7 43. b6 Kd8 44. Nxd6 Bf8 45. Nb7+ Kc8 46. Nac5 Bb5+ 47. Ke3 Ba6 48. Nxa6 Kxb7 49. Nc7 Kxb6 50. Ne8 Be7 51. f4 Kc5 52. f5 gxf5 53. gxf5 h5 54. Kf3 h4 55. d6 Bxd6 56. Nxf6 Kd4 57. Ng4 h3 58. f6 Bf8 59. f7 Bg7 60. Nf6 h2 61. Kg2 h1=Q+ 62. Kxh1 Kc5 63. Kg2 Bh6 64. Nh7 {[%emt 0:00:31] Kd5} 1-0

[Event "19th Raciborz Open 2019"]
[Site "Raciborz"]
[Date "2019.02.11"]
[Round "5.4"]
[White "Piankov, Evgenij"]
[Black "Grabarczyk, Miroslaw"]
[Result "1/2-1/2"]
[ECO "A41"]
[WhiteElo "2225"]
[BlackElo "2374"]
[Annotator "ChessBase"]
[PlyCount "34"]
[EventDate "2019.02.09"]
[EventType "swiss"]
[EventCountry "POL"]
[SourceTitle "playchess.com"]
[Source "ChessBase"]
[SourceQuality "1"]
[TimeControl "5400+30"]

1. d4 d6 2. Nf3 Bg4 3. Bg5 Bxf3 4. exf3 Nd7 5. Nd2 c6 6. c3 h6 7. Bh4 d5 8. Bd3 Ngf6 9. f4 e6 10. Nf3 Be7 11. O-O g6 12. Re1 Ng8 13. Bxe7 Nxe7 14. Ne5 h5 15. Re3 Kf8 16. Qc2 Nxe5 17. fxe5 Nf5 1/2-1/2

[Event "19th Raciborz Open 2019"]
[Site "Raciborz"]
[Date "2019.02.11"]
[Round "5.6"]
[White "Malecki, Rafal"]
[Black "Frolov, Artur"]
[Result "0-1"]
[ECO "A05"]
[WhiteElo "2036"]
[BlackElo "2447"]
[Annotator "ChessBase"]
[PlyCount "60"]
[EventDate "2019.02.09"]
[EventType "swiss"]
[EventCountry "POL"]
[SourceTitle "playchess.com"]
[Source "ChessBase"]
[SourceQuality "1"]
[TimeControl "5400+30"]

1. Nf3 Nf6 2. g3 c5 3. Bg2 Nc6 4. O-O d5 5. d3 Bg4 6. h3 Bh5 7. Nbd2 e6 8. e4 Be7 9. Re1 O-O 10. g4 Bg6 11. Nh4 dxe4 12. Nxg6 hxg6 13. dxe4 Qc7 14. c3 Rad8 15. Qc2 Ne5 16. Nf3 Nd3 17. Re2 c4 18. Bg5 Rd7 19. e5 Nd5 20. Bxe7 Rxe7 21. Re4 f5 22. exf6 Rxf6 23. b3 b5 24. a4 Ref7 25. axb5 Rxf3 26. bxc4 Nxf2 27. cxd5 Qg3 28. Ree1 Nxh3+ 29. Kh1 Nf2+ 30. Kg1 Nxg4 0-1

[Event "19th Raciborz Open 2019"]
[Site "Raciborz"]
[Date "2019.02.11"]
[Round "5.7"]
[White "Simantsev, Mikhail"]
[Black "Smal, Tobiasz"]
[Result "1-0"]
[ECO "E71"]
[WhiteElo "2394"]
[BlackElo "2022"]
[Annotator "ChessBase"]
[PlyCount "49"]
[EventDate "2019.02.09"]
[EventType "swiss"]
[EventCountry "POL"]
[SourceTitle "playchess.com"]
[Source "ChessBase"]
[SourceQuality "1"]
[TimeControl "5400+30"]

1. d4 Nf6 2. c4 g6 3. Nc3 Bg7 4. e4 d6 5. h3 O-O 6. Nf3 e5 7. d5 Nh5 8. g3 Na6 9. Be3 f5 10. exf5 gxf5 11. Nh4 Nf6 12. Bd3 e4 13. Be2 Nd7 14. Qd2 Ne5 15. f4 exf3 16. Nxf3 Qe7 17. O-O-O Bd7 18. Rhe1 Rae8 19. Nxe5 Bxe5 20. Bh5 Bxg3 21. Bxe8 Bxe1 22. Qg2+ Qg7 23. Qxg7+ Kxg7 24. Bxd7 Nb4 25. a3 1-0

[Event "19th Raciborz Open 2019"]
[Site "Raciborz"]
[Date "2019.02.12"]
[Round "6.9"]
[White "Strzelecki, Maciej"]
[Black "Posluszny, Tomasz"]
[Result "1/2-1/2"]
[ECO "B47"]
[WhiteElo "2119"]
[BlackElo "1843"]
[Annotator "NA"]
[PlyCount "73"]
[EventDate "2019.02.09"]
[EventType "swiss"]
[EventCountry "POL"]
[SourceTitle "playchess.com"]
[Source "ChessBase"]
[SourceQuality "1"]
[TimeControl "5400+30"]

1. e4 c5 2. Nf3 e6 3. d4 cxd4 4. Nxd4 Nc6 5. Nc3 Qc7 6. f4 a6 7. Nxc6 Qxc6 8. Bd3 Nf6 {[%emt 0:09:19] B47: Sicilian: Taimanov: 5 Nc3 Qc7 6 f4, 6 g3 and 6 Be2} (8... b5 9. Qe2 Bb7 10. Bd2 Bc5 11. O-O-O Ne7 12. a3 O-O 13. Qh5 f6 14. Rhf1 Rf7 15. g4 b4 16. axb4 Bxb4 17. e5 f5 18. Rg1 Rc8 {0-1 (53) Saric,I (2669)-Harikrishna,P (2744) Riadh 2017}) 9. Qe2 d6 10. Bd2 Be7 11. O-O-O {[%emt 0:07:54] LiveBook: 6 Games} O-O 12. g4 $146 ({Predecessor:} 12. e5 Nd7 13. exd6 Bxd6 14. Ne4 Be7 15. Bc3 Qc7 16. Rdf1 {1-0 (31) Gumularz,S (2256)-Martynkova,O (2124) Marianske Lazne 2015}) 12... Re8 13. g5 Nd7 14. h4 b5 {[%emt 0:08:21] [#]} 15. Rdg1 (15. f5 $1 $16) 15... Bb7 ({Black should try} 15... Nc5 $1 $11) 16. h5 Nc5 $16 (16... b4 $11 {keeps the balance.} 17. Nd1 Nc5) 17. g6 Nxd3+ 18. Qxd3 b4 19. gxf7+ Kxf7 20. f5 bxc3 21. fxe6+ Kf8 22. Bxc3 Bf6 23. Bxf6 gxf6 24. Qg3 Ke7 25. Qg7+ Kd8 26. Qxf6+ Kc8 27. Rg7 Kb8 28. Rh3 Qxe4 29. Rxb7+ Kxb7 30. Rb3+ Kc6 31. Rc3+ Kd5 32. Rd3+ Kc6 33. Rc3+ Kd5 34. Rd3+ Kc6 35. Qc3+ Kb7 36. Qb3+ Ka7 37. Rxd6 1/2-1/2

[Event "19th Raciborz Open 2019"]
[Site "Raciborz"]
[Date "2019.02.12"]
[Round "6.10"]
[White "Drozniak, Stanislaw"]
[Black "Cieslak, Wiktoria"]
[Result "1-0"]
[ECO "B94"]
[WhiteElo "2048"]
[BlackElo "2037"]
[Annotator "NA"]
[PlyCount "57"]
[EventDate "2019.02.09"]
[EventType "swiss"]
[EventCountry "POL"]
[SourceTitle "playchess.com"]
[Source "ChessBase"]
[SourceQuality "1"]
[TimeControl "5400+30"]

1. e4 c5 2. Nf3 d6 3. d4 cxd4 4. Nxd4 Nf6 5. Nc3 a6 6. Bg5 Nbd7 7. Qe2 Qc7 8. O-O-O b5 {[%emt 0:01:12] [#]} 9. a3 (9. Bxf6 $1 $16 Nxf6 10. Nd5 Nxd5 11. exd5) 9... Bb7 10. f4 Rc8 11. Bxf6 gxf6 12. g3 Nb6 13. Bh3 e6 14. Kb1 Nc4 {[%emt 0:09:09] [#]} 15. Nd5 $1 exd5 16. exd5+ ({Not} 16. Bxc8 Qxc8 17. exd5+ Kd8 $16) 16... Be7 17. Rhe1 ({Less strong is} 17. Bxc8 Bxc8 18. Rde1 Kf8 $16) 17... Rd8 $18 (17... Ne5 $142 18. Bxc8 Bxc8) 18. Qh5 Ne5 19. fxe5 dxe5 20. Ne6 Qc4 21. Nxd8 Bxd8 22. Rxe5+ Be7 23. d6 fxe5 24. Qxe5 O-O 25. dxe7 Re8 26. Qg5+ Kh8 27. Qf6+ Kg8 28. Rd4 Rxe7 29. Rd8+ 1-0

[Event "19th Raciborz Open 2019"]
[Site "Raciborz"]
[Date "2019.02.13"]
[Round "7.4"]
[White "Bogdanov, Egor"]
[Black "Grabarczyk, Miroslaw"]
[Result "1/2-1/2"]
[ECO "C47"]
[WhiteElo "2418"]
[BlackElo "2374"]
[Annotator "NA"]
[PlyCount "84"]
[EventDate "2019.02.09"]
[EventType "swiss"]
[EventCountry "POL"]
[SourceTitle "playchess.com"]
[Source "ChessBase"]
[SourceQuality "1"]
[TimeControl "5400+30"]

1. e4 e5 2. Nf3 Nf6 3. Nc3 Nc6 4. d4 exd4 5. Nxd4 Bb4 6. Nxc6 bxc6 7. Bd3 d5 8. exd5 cxd5 9. O-O O-O 10. Bg5 c6 11. Qf3 Bd6 12. Rfe1 Rb8 13. Rab1 h6 {[%emt 0:00:48] C47: Scotch Four Knights and Four Knights with 4 g3} 14. Bxf6 Qxf6 15. Qxf6 gxf6 16. Ne2 Re8 {[%emt 0:03:41] LiveBook: 3 Games} (16... Be5 17. b3 Be6 18. Ng3 Rfe8 19. Nf5 h5 20. Rbd1 c5 21. Ne3 {½-½ (54) Le Roux,J (2551)-Fressinet,L (2715) Belfort 2012}) 17. Nd4 Rxe1+ 18. Rxe1 Bd7 19. Bf5 Be5 $146 (19... Rb4 $11) ({Predecessor:} 19... Be8 20. c3 Kf8 {1-0 (41) Ligart,T (2175)-Fekete,J (2109) Hungary 2001}) 20. Bxd7 Bxd4 21. b3 c5 22. Re8+ Rxe8 23. Bxe8 Bc3 24. Bc6 d4 25. Kf1 d3 26. cxd3 Kf8 27. Ke2 Ke7 28. Bd5 f5 29. f4 Kf6 30. Bb7 Bd4 31. Kf3 Kg6 32. Bc8 h5 33. g3 a5 34. h3 Kf6 35. a3 $14 Bb2 36. a4 Bd4 37. g4 hxg4+ 38. hxg4 fxg4+ 39. Bxg4 Ke7 40. Ke4 Kd6 41. Bh5 f6 42. Bf7 Bc3 1/2-1/2

[Event "19th Raciborz Open 2019"]
[Site "Raciborz"]
[Date "2019.02.13"]
[Round "7.5"]
[White "Nester, Ihor"]
[Black "Drozniak, Stanislaw"]
[Result "1/2-1/2"]
[ECO "A34"]
[WhiteElo "2369"]
[BlackElo "2048"]
[Annotator "ChessBase"]
[PlyCount "66"]
[EventDate "2019.02.09"]
[EventType "swiss"]
[EventCountry "POL"]
[SourceTitle "playchess.com"]
[Source "ChessBase"]
[SourceQuality "1"]
[TimeControl "5400+30"]

1. Nf3 Nf6 2. c4 c5 3. Nc3 d5 4. cxd5 Nxd5 5. d4 Nxc3 6. bxc3 g6 7. Bf4 Bg7 8. e3 O-O 9. Be2 Qa5 10. O-O Nd7 11. Qb3 cxd4 12. cxd4 Nb6 13. a4 Be6 14. Qb5 Qxb5 15. axb5 Bc4 16. Bxc4 Nxc4 17. e4 Rfd8 18. Rfc1 Nd6 19. Bxd6 Rxd6 20. e5 Rb6 21. Ra5 f6 22. Kf1 Kf7 23. Rc7 fxe5 24. dxe5 a6 25. bxa6 Rbxa6 26. Rd5 Ra1+ 27. Ke2 R8a2+ 28. Rd2 Rxd2+ 29. Kxd2 Ra2+ 30. Ke1 Ra1+ 31. Ke2 Ra2+ 32. Ke1 Ra1+ 33. Ke2 Ra2+ 1/2-1/2

[Event "19th Raciborz Open 2019"]
[Site "Raciborz"]
[Date "2019.02.13"]
[Round "7.6"]
[White "Koloczek, Maciej"]
[Black "Niedbala, Bartlomiej"]
[Result "1/2-1/2"]
[ECO "B09"]
[WhiteElo "1922"]
[BlackElo "1949"]
[Annotator "NA"]
[PlyCount "66"]
[EventDate "2019.02.09"]
[EventType "swiss"]
[EventCountry "POL"]
[SourceTitle "playchess.com"]
[Source "ChessBase"]
[SourceQuality "1"]
[TimeControl "5400+30"]

1. e4 d6 2. d4 Nf6 3. Nc3 g6 4. f4 Bg7 5. Nf3 O-O 6. Bd3 Na6 7. O-O c5 8. d5 Bg4 9. h3 Bxf3 10. Qxf3 Nb4 {[%emt 0:12:30] B09: Pirc Defence: Austrian Attack} 11. a3 (11. a4 Nd7 12. Qe2 Nxd3 13. Qxd3 Qb6 14. Kh1 Rac8 15. a5 Qa6 16. Qxa6 bxa6 17. Bd2 Rb8 18. b3 {0-1 (52) Sethuraman,S (2640)-Malakhov,V (2694) Berlin 2015}) 11... Nxd3 12. Qxd3 Nd7 13. Ne2 b5 14. Qxb5 $146 ({Predecessor:} 14. Rb1 Rb8 15. b3 Qa5 16. c4 bxc4 17. Qxc4 Rb7 18. a4 {0-1 (42) Nassr,A (2064)-Arat,U (2159) Algiers 2012}) 14... Rb8 15. Qd3 Bxb2 16. Rb1 Bxc1 17. Rfxc1 Qa5 18. c4 (18. Kf2 $11) 18... Qa4 19. Kf2 Rxb1 20. Rxb1 Nb6 21. Qb3 Qxc4 22. Qxc4 Nxc4 23. Rb7 a5 24. Rxe7 $11 Nxa3 25. e5 Nc4 26. exd6 Nxd6 27. Ra7 Ne4+ 28. Kf3 f5 29. g4 Rd8 30. gxf5 gxf5 31. Ng3 Nxg3 32. Kxg3 Rxd5 33. Rxa5 Kg7 1/2-1/2

[Event "19th Raciborz Open 2019"]
[Site "Raciborz"]
[Date "2019.02.13"]
[Round "7.7"]
[White "Meers, Hubert"]
[Black "Piotrowski, Przemyslaw"]
[Result "1/2-1/2"]
[ECO "B89"]
[WhiteElo "1974"]
[BlackElo "2285"]
[Annotator "NA"]
[PlyCount "58"]
[EventDate "2019.02.09"]
[EventType "swiss"]
[EventCountry "POL"]
[SourceTitle "playchess.com"]
[Source "ChessBase"]
[SourceQuality "1"]
[TimeControl "5400+30"]

1. e4 c5 2. Nf3 d6 3. d4 cxd4 4. Nxd4 Nf6 5. Nc3 Nc6 6. Bc4 e6 7. Be3 a6 8. Bb3 Na5 9. f4 b5 10. e5 dxe5 11. fxe5 Nxb3 12. axb3 {[%emt 0:00:10] B88: Sicilian: Sozin Attack} Nd5 13. Qf3 $1 Bb7 $1 {[%emt 0:01:52] LiveBook: 4 Games} 14. Nxd5 $146 ({White should try Predecessor:} 14. O-O $14 Qd7 (14... Qc7 15. Nxd5 Bxd5 16. Qg3 g6 17. Bg5 Bg7 18. Bf6 Bxf6 19. Rxf6 O-O {0-1 (46) Geske,J (2395)-Shengelia,D (2550) Austria 2014}) 15. Nxd5 Bxd5 16. Qg3) 14... Qxd5 15. O-O Qxf3 16. Nxf3 Be7 17. c4 Rc8 18. Rfc1 O-O 19. c5 Rfd8 20. b4 Rd3 21. Rc3 Rcd8 22. Kf2 f6 23. c6 Rxc3 24. bxc3 Bxc6 25. Rxa6 Bd5 26. Ra7 Kf8 27. Bd4 f5 28. Be3 Bxf3 29. gxf3 Rd3 $11 1/2-1/2

[Event "19th Raciborz Open 2019"]
[Site "Raciborz"]
[Date "2019.02.13"]
[Round "7.8"]
[White "Panek, Bartosz"]
[Black "Kowalczyk, Rafal"]
[Result "0-1"]
[ECO "C44"]
[WhiteElo "1948"]
[BlackElo "2234"]
[Annotator "NA"]
[PlyCount "90"]
[EventDate "2019.02.09"]
[EventType "swiss"]
[EventCountry "POL"]
[SourceTitle "playchess.com"]
[Source "ChessBase"]
[SourceQuality "1"]
[TimeControl "5400+30"]

1. e4 e5 2. Nf3 Nc6 3. d4 exd4 4. Nxd4 Nf6 5. Nxc6 bxc6 6. Bd3 d5 7. Qe2 Be7 {[%emt 0:13:41] LiveBook: 8 Games} ({But not} 7... Nxe4 $6 8. f3 $16) 8. e5 {[%emt 0:00:10] C45: Scotch Game} (8. Nd2 O-O 9. O-O Nd7 10. exd5 cxd5 11. Nb3 c5 12. c4 dxc4 13. Bxc4 Nb6 14. Bd3 Be6 15. Rd1 Qc7 16. Qe4 g6 17. Bf4 {1-0 (30) Najer,E (2679)-Inarkiev,E (2727) Poikovsky 2017}) 8... Nd7 9. O-O Nc5 10. f4 g6 11. Be3 O-O $146 ({Predecessor:} 11... Nxd3 12. cxd3 d4 13. Bf2 Qd5 14. Nd2 c5 15. Qe4 {½-½ (27) Loy,K (1962)-Kravtsiv,M (2448) Evpatoria 2007}) 12. Nd2 f6 13. Nf3 Bg4 14. h3 Bxf3 15. Rxf3 fxe5 16. fxe5 Rxf3 17. Qxf3 Qd7 18. Qg3 Qe6 19. Rf1 Nd7 $2 {[%emt 0:04:11] [#]} (19... Rf8 $11 {and Black has nothing to worry.}) 20. Bf4 $2 (20. Bf5 $1 $18 Qxe5 {[#]} 21. Bxd7 $3 Qxg3 22. Be6+ Kg7 23. Rf7+ Kg8 24. Rf3+ Kg7 25. Bd4+ Kh6 26. Rxg3) 20... Bc5+ 21. Kh1 Bd4 22. h4 (22. Be2 $11) 22... Bxe5 23. h5 Bxf4 24. Rxf4 Ne5 25. hxg6 (25. Qg5 $11) 25... hxg6 26. Rf1 Kg7 ({Of course not} 26... Nxd3 $6 27. cxd3 Rc8 28. Qh4 $11) 27. Kg1 Re8 28. Bf5 Qd6 29. Bh3 c5 30. Qc3 (30. b3 $17 {is a better defense.}) 30... c4 31. Qa5 Qb6+ 32. Qxb6 axb6 ({Much less strong is} 32... cxb6 33. Rf4 $17) 33. Rd1 c6 34. Kf2 $1 $11 Kf6 35. Rf1 Kg7 $2 (35... Kg5 $19 36. Rd1 Ra8) 36. Re1 $2 d4 37. Rd1 c5 38. g3 Kf6 39. Rf1 Kg5 40. b3 $2 (40. Kg2) 40... c3 41. Rh1 $19 Ra8 42. a4 Rf8+ 43. Kg2 d3 44. Rd1 dxc2 45. Rc1 Nd3 0-1

[Event "19th Raciborz Open 2019"]
[Site "Raciborz"]
[Date "2019.02.13"]
[Round "7.9"]
[White "Piankov, Evgenij"]
[Black "Galuszka, Tomasz"]
[Result "1-0"]
[ECO "A06"]
[WhiteElo "2225"]
[BlackElo "2000"]
[Annotator "NA"]
[PlyCount "99"]
[EventDate "2019.02.09"]
[EventType "swiss"]
[EventCountry "POL"]
[SourceTitle "playchess.com"]
[Source "ChessBase"]
[SourceQuality "1"]
[TimeControl "5400+30"]

1. Nf3 d5 2. g3 Nf6 3. Bg2 c6 4. O-O Bf5 5. b3 e6 6. Bb2 Nbd7 7. d3 Be7 8. Nbd2 O-O 9. c4 h6 10. a3 a5 11. Re1 Bh7 12. Qc2 {[%emt 0:04:12] LiveBook: 28 Games A12: English Opening: 1...c6 with b3 by White} Re8 13. Bc3 (13. Rac1 Bd6 14. e4 dxe4 15. Nxe4 Nxe4 16. dxe4 Qe7 17. Rcd1 Red8 18. Qc3 e5 19. Rd2 Bxa3 20. Bxa3 Qxa3 {½-½ (51) Radjabov,T (2738)-Riazantsev,A (2646) Berlin 2015}) 13... Bf8 14. Qb2 c5 15. d4 Rc8 $146 ({Predecessor:} 15... Ne4 16. Nxe4 Bxe4 17. cxd5 exd5 18. Bh3 Ra6 19. Rac1 cxd4 20. Bxd4 {0-1 (40) Porrasmaa,T (2220)-Eskelinen,A (2198) Finland 2002}) 16. Rec1 Ne4 17. Nxe4 Bxe4 18. cxd5 Bxd5 19. Nd2 Bxg2 20. Kxg2 b5 21. Nf3 Qb6 22. dxc5 Nxc5 23. Bd4 Qb7 24. Rc2 Ne4 25. Rac1 Rxc2 26. Rxc2 Rc8 27. a4 Rxc2 28. Qxc2 Ng5 29. Qc3 bxa4 30. bxa4 Qe4 31. Qd3 Qd5 32. Bb6 Nxf3 (32... Qc6 $11 33. Qb5 (33. Bxa5 Qxa4 34. Qd8 Qb5 $11) 33... Qxb5 34. axb5 Nxf3 35. Kxf3 a4) 33. Qxf3 Bb4 34. Qxd5 exd5 35. Kf3 Kf8 {[%emt 0:01:14] [#]} 36. Kf4 (36. e4 $1 $18 {has better winning chances.}) 36... f6 {[%emt 0:01:05] [#]} 37. e4 $1 dxe4 38. Kxe4 Ke7 39. Kd5 Kd7 40. f3 h5 41. Bc5 Be1 42. Bf8 g6 43. Bc5 f5 $18 (43... Bd2 {might work better.} 44. Bb6 Bb4) 44. Bd4 h4 {[%emt 0:00:21] [#]} 45. gxh4 $1 Bxh4 46. Bc3 Bd8 47. Kc5 g5 48. h3 Bc7 49. Bd2 Bd8 50. Kb5 1-0

[Event "19th Raciborz Open 2019"]
[Site "Raciborz"]
[Date "2019.02.13"]
[Round "7.10"]
[White "Posluszny, Tomasz"]
[Black "Tymrakiewicz, Rafal"]
[Result "0-1"]
[ECO "A42"]
[WhiteElo "1843"]
[BlackElo "2194"]
[Annotator "NA"]
[PlyCount "76"]
[EventDate "2019.02.09"]
[EventType "swiss"]
[EventCountry "POL"]
[SourceTitle "playchess.com"]
[Source "ChessBase"]
[SourceQuality "1"]
[TimeControl "5400+30"]

1. d4 g6 2. c4 Bg7 3. Nc3 d6 4. e4 Nc6 5. Nge2 e5 6. d5 Nce7 7. Be3 f5 8. f3 Nf6 9. h3 c6 {[%emt 0:05:24] A42: Modern Defence: Averbakh Variation} 10. b4 $146 ({Predecessor:} 10. Qb3 cxd5 11. cxd5 O-O 12. g4 fxe4 13. fxe4 Qa5 14. Bg2 Nd7 15. Qb5 Qc7 16. Nc1 a6 17. Qe2 {½-½ (52) Kolbus,D (2395)-Fritsch,R (2215) Germany 2007}) 10... cxd5 11. cxd5 fxe4 12. fxe4 Nh5 13. g4 Nf6 14. Ng3 O-O 15. Rc1 Bd7 16. Bd3 Qe8 17. Qe2 a6 18. b5 h5 19. g5 Nh7 20. Nf1 Rf4 21. Nd2 (21. h4 $16) 21... Nxg5 22. Bxf4 exf4 23. Qg2 Nf7 24. Nc4 $19 (24. bxa6 $15 bxa6 25. Nc4) 24... Rc8 25. bxa6 b5 26. Nb6 Rxc3 27. Rxc3 Bxc3+ 28. Kd1 Bd4 29. Nxd7 Qxd7 30. Qe2 Ne5 31. Bxb5 Qc7 32. Qc2 Qa5 33. a4 Qb4 34. Rf1 g5 35. h4 Ng4 36. Qc7 Qb1+ 37. Kd2 Qb2+ 38. Qc2 Qxc2+ 0-1

[Event "19th Raciborz Open 2019"]
[Site "Raciborz"]
[Date "2019.02.14"]
[Round "8.4"]
[White "Simantsev, Mikhail"]
[Black "Bogdanov, Egor"]
[Result "1-0"]
[ECO "E70"]
[WhiteElo "2394"]
[BlackElo "2418"]
[Annotator "RC"]
[PlyCount "107"]
[EventDate "2019.02.09"]
[EventType "swiss"]
[EventCountry "POL"]
[SourceTitle "playchess.com"]
[Source "ChessBase"]
[SourceQuality "1"]
[TimeControl "5400+30"]

1. d4 Nf6 2. c4 g6 3. Nc3 Bg7 4. e4 O-O 5. Nf3 d6 6. h3 e5 7. d5 a5 8. g4 Na6 9. Be3 Nd7 10. a3 Nac5 11. Rg1 a4 12. Nd2 Kh8 13. Qc2 c6 14. O-O-O Nb6 15. Kb1 Bd7 16. h4 h6 17. Be2 Ra5 18. Rc1 Qe7 19. Qd1 Kg8 20. h5 g5 21. Nf1 Rb8 22. Na2 Qd8 23. Nd2 Nc8 24. f3 Qc7 25. Nc3 Kh7 26. Qc2 Bf8 27. Rcd1 Na7 28. Na2 Nb3 29. c5 dxc5 30. Nc4 Nb5 31. Nxa5 Qxa5 32. dxc6 Be6 33. Bxb5 Qxb5 34. c7 Rc8 35. Nc3 Qc6 36. Rd8 Qxc7 37. Rxc8 Qxc8 38. Nxa4 Qc6 39. Nc3 c4 40. Rd1 b5 41. Rd8 Be7 42. Rb8 b4 43. axb4 Qa6 44. Qd1 Qa1+ 45. Kc2 Qa6 46. Rb6 Qa8 47. Rxe6 fxe6 48. Qd7 Qd8 49. Qxd8 Bxd8 50. Ne2 Kg7 51. Kc3 Kf7 52. Kxc4 Na1 53. Kc3 Be7 54. Bc5 1-0

[Event "19th Raciborz Open 2019"]
[Site "Raciborz"]
[Date "2019.02.14"]
[Round "8.10"]
[White "Niedbala, Bartlomiej"]
[Black "Polczyk, Mikolaj"]
[Result "1/2-1/2"]
[ECO "B66"]
[WhiteElo "1949"]
[BlackElo "2052"]
[Annotator "NA RC"]
[PlyCount "64"]
[EventDate "2019.02.09"]
[EventType "swiss"]
[EventCountry "POL"]
[SourceTitle "playchess.com"]
[Source "ChessBase"]
[SourceQuality "1"]
[TimeControl "5400+30"]

1. e4 c5 2. Nf3 Nc6 3. d4 cxd4 4. Nxd4 Nf6 5. Nc3 d6 6. Bg5 e6 7. Qd2 a6 8. O-O-O Nxd4 9. Qxd4 Be7 10. f3 O-O 11. h4 Qa5 12. Kb1 {[%emt 0:06:53] LiveBook: 20 Games} Rd8 {[%emt 0:05:50] B63: Sicilian: Richter-Rauzer: 7...Be7 and unusual Black 7th moves} (12... b5 13. Qd2 b4 14. Ne2 e5 15. c4 Be6 16. Ng3 Rfd8 17. Bd3 Qc7 18. Nf5 Bxf5 19. exf5 d5 20. Bxf6 Bxf6 21. cxd5 Rxd5 22. Qe2 Rad8 23. g4 h6 24. Bxa6 Rxd1+ 25. Rxd1 Bxh4 {½-½ (25) Narayanan,S (2436)-Mchedlishvili,M (2639) Kolkata 2014}) 13. g4 b5 14. Qd2 Bb7 $146 ({Predecessor:} 14... b4 15. Ne2 e5 16. c4 Be6 17. Ng3 d5 18. exd5 Nxd5 19. Qc2 b3 20. Qxb3 Rab8 21. Bd2 Bb4 22. cxd5 Bxd5 23. Bxb4 Bxb3 {0-1 (23) Kienast,J (2253)-Begnis,N (2417) Germany 2009}) 15. Nd5 Qxd2 16. Nxe7+ Kf8 17. Bxd2 Kxe7 18. Ba5 Rd7 19. Rh2 Ne8 20. Rhd2 f6 21. c4 Bc6 22. cxb5 Bxb5 23. Bxb5 axb5 24. Bb4 Rad8 25. f4 Kf7 26. e5 d5 27. b3 d4 28. Kc2 Rd5 29. h5 $11 fxe5 30. fxe5 Rxe5 31. Rxd4 Rc8+ 32. Kb2 Re2+ 1/2-1/2

[Event "19th Raciborz Open 2019"]
[Site "Raciborz"]
[Date "2019.02.15"]
[Round "9.2"]
[White "Helis, Tadeusz"]
[Black "Mirzoev, Emil"]
[Result "0-1"]
[ECO "A06"]
[WhiteElo "2174"]
[BlackElo "2511"]
[Annotator "RC"]
[PlyCount "90"]
[EventDate "2019.02.09"]
[EventType "swiss"]
[EventCountry "POL"]
[SourceTitle "playchess.com"]
[Source "ChessBase"]
[SourceQuality "1"]
[TimeControl "5400+30"]

1. Nf3 g6 2. g3 Bg7 3. Bg2 e5 4. d3 d5 5. O-O Ne7 6. e4 c6 7. Re1 d4 8. a4 c5 9. Nbd2 Nbc6 10. Nc4 h6 11. c3 Be6 12. cxd4 cxd4 13. Bd2 Bxc4 14. dxc4 a5 15. Qb3 Nb4 16. Bxb4 Qb6 17. Qa3 axb4 18. Qd3 O-O 19. Bh3 Nc6 20. Nd2 Rfd8 21. Nb3 h5 22. Red1 Bh6 23. Ra2 Qc7 24. Rda1 Nb8 25. Rd1 Na6 26. Rda1 Kg7 27. Rd1 Rd6 28. Raa1 Bg5 29. Rf1 Rc6 30. c5 Nxc5 31. Nxc5 Rxc5 32. Qb3 Ra6 33. Qxb4 Rb6 34. Qa3 Rc2 35. b3 Be7 36. b4 Bxb4 37. Qd3 Rd2 38. Qf3 Bc3 39. Rab1 Rf6 40. Qg2 d3 41. Rbd1 Rxd1 42. Rxd1 Bd4 43. Rf1 Rxf2 44. Rxf2 Qc1+ 45. Qf1 d2 0-1